AoeStats
← Capivara com câimbra

Arena

506233454Analyzed
1v1 RM · 21d ago on Sep 12, 2026· 48m 29s· 2 players
Game mode
Random Map
Map size
Tiny (2 player)
Population
200
Speed
Normal
Resources
Standard
Victory
Conquest
Starting age
Dark Age
Ending age
Imperial Age
RankedLock teamsTeams togetherTeam positionsShared explorationLock speedFull tech treeHidden civsTurbo modeCheats
Victory
Defeat
🇧🇷 Britons · Brazil
492
+13
🇿🇦 Spanish · South Africa
436
-13
MonarchThePariah
11:37 Feudal Age
12:28 Double-Bit Axe
12:40 Horse Collar
20:31 Castle Age
20:36 Gold Mining
20:37 Stone Mining
21:00 Stone Mining
23:26 Scale Barding Armor
23:32 Forging
27:38 Iron Casting
28:42 Stone Shaft Mining
29:50 Husbandry
31:09 Scale Mail Armor
31:30 Chain Barding Armor
33:09 Sanctity
33:10 Loom
34:00 Heavy Plow
39:34 Elite Skirmisher
45:13 Imperial Age
Capivara com câimbra
9:57 Feudal Age
10:43 Double-Bit Axe
10:41 Horse Collar
20:40 Castle Age
19:30 Gold Mining
19:04 Man-at-Arms
20:00 Stone Mining
20:12 Fletching
20:23 Scale Mail Armor
20:43 Padded Archer Armor
24:47 Wheelbarrow
25:16 Pikeman
25:42 Gambesons
25:58 Squires
27:57 Fervor
28:01 Crossbowman
28:01 Elite Skirmisher
28:05 Long Swordsman
31:35 Bow Saw
31:27 Heavy Plow
35:47 Imperial Age
33:50 Leather Archer Armor
33:57 Forging
33:51 Bodkin Arrow
35:26 Heated Shot
35:58 Ballistics
36:24 Gold Shaft Mining
36:19 Chain Mail Armor
36:14 Murder Holes
36:52 Yeomen
38:10 Arrowslits
38:09 Two-Handed Swordsman
39:51 Herbal Medicine
41:24 Illumination
41:39 Bracer
42:21 Plate Mail Armor
44:41 Ring Archer Armor
44:47 Iron Casting
46:20 Chemistry
45:01 Elite Longbowman
47:51 Warwolf
Connection lost

Rejoining the realm…

Still unreachable

The connection could not be restored.

Session expired

The server has moved on; the page needs a fresh start.